 Dungeon Crawl Stone Soup version 0.26-a0-651-gb41185065b (webtiles) character file.

Game seed: 468854617430045203

7783 Irenicus the Severer (level 11, -1/95 HPs)
             Began as a Minotaur Chaos Knight on Oct 30, 2020.
             Was a Plaything of Xom.
             Slain by a tengu conjurer
             ... wielding a +5 mace of protection
              (4 damage)
             ... while petrified by a basilisk
             ... on level 9 of the Dungeon.
             The game lasted 00:17:21 (6010 turns).

Irenicus the Severer (Minotaur Chaos Knight)        Turns: 6010, Time: 00:17:22

Health: -1/95      AC: 12    Str: 16      XL:     11   Next: 1%
Magic:  10/10      EV:  2    Int:  9      God:    Xom [*.....]
Gold:   675        SH:  0    Dex: 13 (14) Spells: 10/10 levels left

rFire    . . .     SeeInvis +   a - +0 hand axe (chaos)
rCold    + . .     Faith    .   (no shield)
rNeg     + + +     Spirit   .   E - +2 ring mail {rN+}
rPois    ∞         Reflect  .   (helmet unavailable)
rElec    .         Harm     .   A - +0 cloak
rCorr    .         Rampage  .   c - +0 pair of gloves
MR       .....     Clarity  +   D - +0 pair of boots
Stlth    +.........             (no amulet)
HPRegen  0.25/turn              g - ring of see invisible {sInv, !d}
MPRegen  0.12/turn              h - ring of protection from cold {rC+, !d}

@: petrified, flying
A: retaliatory headbutt, claws 1, horns 3, clarity, deterioration 1, evolution 2
a: Renounce Religion


You were on level 9 of the Dungeon.
You worshipped Xom.
You were a special plaything of Xom.
You visited 1 branch of the dungeon, and saw 9 of its levels.

You collected 675 gold pieces.

Inventory:

Hand Weapons
 a - a +0 hand axe of chaos (weapon)
Missiles
 p - a throwing net {=f, !d}
Armour
 c - a +0 pair of gloves (worn)
   (You found it on level 1 of the Dungeon)
 A - a +0 cloak (worn)
   (You found it on level 7 of the Dungeon)
 D - a +0 pair of boots (worn)
   (You found it on level 8 of the Dungeon)
 E - a +2 ring mail of positive energy (worn)
   (You found it on level 9 of the Dungeon)
Magical Staves
 B - an uncursed staff of fire {rF+}
   (You found it on level 7 of the Dungeon)
Jewellery
 g - a ring of see invisible (left hand) {sInv, !d}
   (You found it on level 2 of the Dungeon)
 h - a ring of protection from cold (right hand) {rC+, !d}
   (You found it on level 2 of the Dungeon)
Wands
 v - a wand of paralysis (3)
   (You took it off Ijyb on level 5 of the Dungeon)
 w - a wand of acid (1)
   (Xom gifted it to you on level 7 of the Dungeon)
 z - a wand of flame (11)
   (You found it on level 7 of the Dungeon)
Scrolls
 d - 13 scrolls of identify
 i - 3 scrolls of fear {unknown}
 j - a scroll of fog {unknown}
 k - 2 scrolls of amnesia
 l - 4 scrolls of remove curse
 o - 2 scrolls of teleportation {unknown}
 q - 4 scrolls of magic mapping {unknown}
 r - a scroll of enchant weapon {unknown}
 y - a scroll of holy word {unknown}
 C - a scroll of immolation {unknown}
Potions
 e - a potion of invisibility {unknown}
 f - 2 potions of flight
 m - 2 potions of might {unknown}
 n - a potion of stabbing {unknown}
 s - 2 potions of brilliance {unknown}
 t - 7 potions of curing
 u - a potion of ambrosia {unknown}


   Skills:
 + Level 8.4 Fighting
 - Level 15.0 Axes
 + Level 8.0 Armour
 + Level 6.9 Dodging


You had 10 spell levels left.
You didn't know any spells.
Your spell library contained the following spells:

 Spells                   Type           Power        Failure   Level
 Confusing Touch          Hex            #.......     90%         3
 Gell's Gravitas          Tloc           #.........   90%         3
 Petrify                  Tmut/Erth      #.......     100%        4
 Metabolic Englaciation   Hex/Ice        #.........   100%        5
 Yara's Violent Unravell  Hex/Tmut       #.........   100%        5


Dungeon Overview and Level Annotations

Branches:
Dungeon (9/15)             Temple (0/1) D:5            Lair (0/6) D:8
    Orc: D:9-12

Altars:
Fedhas
Nemelex Xobeh
Vehumet

Annotations:
D:9 1 runed translucent door


Innate Abilities, Weirdness & Mutations

You reflexively headbutt those who attack you in melee.
You have a pair of large horns on your head.
You have sharp fingernails.
You possess an exceptional clarity of mind.
Your body sometimes deteriorates upon taking damage.
You rapidly evolve.


Message History

The tengu conjurer shouts!
The white imp hits you but does no damage.
The white imp hits you but does no damage. "See what I see, my child!"
You feel aware of your surroundings.
The white imp laughs crazily.
The white imp gestures at you. The puff of frost hits you. You resist.
The basilisk bites you!
The white imp hits you but does no damage.
The basilisk bites you!
The white imp picks up a beetle and eats it.
The white imp gestures at you.
The puff of frost hits you but does no damage.
The basilisk bites you!
The tengu conjurer gestures wildly while chanting.
The tengu conjurer conjures a globe of magical energy!
The white imp hits you but does no damage.
A battlesphere comes into view.
The basilisk bites you!
* * * LOW HITPOINT WARNING * * *
The white imp hits you but does no damage.
You turn to flesh and can move again.
You take 19 damage, and have 27/95 hp.
Evoke which item? (* to show all) (? for menu, Esc to quit)
Okay, then.
It was a potion of flight.
You feel very buoyant.
You fly up into the air.
Xom thinks this is hilarious!
The basilisk gazes at you.
You are slowing down.
The tengu conjurer barely misses you.
The tengu conjurer pecks you but does no damage.
The tengu conjurer claws you but does no damage.
The white imp hits you. The white imp freezes you. You resist.
It was a potion of curing.
You feel better. The basilisk barely misses you.
The white imp hits you but does no damage.
The tengu conjurer points at you and mumbles some strange words.
The zap hits you but does no damage. The zap hits you.
The basilisk bites you but does no damage.
Your limbs are stiffening.
You regained 4 hp, and now have 32/95 hp.
The tengu conjurer points at you and mumbles some strange words.
The zap hits you. The white imp hits you. The white imp freezes you.
You resist.
You have turned to stone.
The tengu conjurer hits you with a +5 mace of protection!
* * * LOW HITPOINT WARNING * * *
The tengu conjurer pecks you.
* * * LOW HITPOINT WARNING * * *
The tengu conjurer claws you but does no damage.
The white imp barely misses you.
The white imp hits you but does no damage.
The tengu conjurer hits you but does no damage.
The tengu conjurer pecks you but does no damage.
The tengu conjurer claws you but does no damage.
The white imp hits you but does no damage.
The tengu conjurer hits you but does no damage.
The tengu conjurer pecks you.
* * * LOW HITPOINT WARNING * * *
The tengu conjurer claws you but does no damage.
The basilisk gazes at you. You resist with some effort.
The white imp barely misses you.
The tengu conjurer hits you with a +5 mace of protection.
* * * LOW HITPOINT WARNING * * *
The tengu conjurer pecks you but does no damage.
The tengu conjurer claws you.
* * * LOW HITPOINT WARNING * * *
The basilisk bites you!
* * * LOW HITPOINT WARNING * * *
The white imp hits you. The white imp freezes you. You resist.
* * * LOW HITPOINT WARNING * * *
The tengu conjurer hits you but does no damage.
The tengu conjurer pecks you.
* * * LOW HITPOINT WARNING * * *
The tengu conjurer claws you but does no damage.
The basilisk bites you!
* * * LOW HITPOINT WARNING * * *
The white imp gestures at you.
The puff of frost hits you but does no damage.
The basilisk gazes at you. You resist with some effort.
The tengu conjurer barely misses you.
The tengu conjurer pecks you but does no damage.
The tengu conjurer claws you.
* * * LOW HITPOINT WARNING * * *
The white imp hits you but does no damage.
The basilisk bites you!
* * * LOW HITPOINT WARNING * * *
The white imp grins evilly.
The white imp gestures at you. The puff of frost hits you. You resist.
The tengu conjurer hits you with a +5 mace of protection!
* * * LOW HITPOINT WARNING * * *
The tengu conjurer pecks you but does no damage.
The tengu conjurer claws you but does no damage.
The basilisk gazes at you.
The white imp hits you but does no damage.
The tengu conjurer hits you with a +5 mace of protection!
You die...
Xom thinks this is hilarious!

,**,,,*,,**,,#..# #.#
,,*,,**,,*,*,##.## #.#
,,**,,,,**,*,,#..# #.#
,,,*,,, ,##,###.## #.#
, ,**,,**,#.##.#†.# #.#
* ,,*,,..##....##)###.#
*,,,**,......*..#)).#.#
* ,,,*,*,*,#,#.Q##....#
*,,,,*** *,#.#)5@#..#.#
**, ,,*,,*,#...l.##.#.#
**,,*,**,*,#..#+#.#...#
**,,*,,*,*,#..#F#.##..#
,,,>* ,***,#.##C##.#..#
,,,,,,,,*,...#.z.#.##.#
* *** * *#..##)..##.#.#
*,*,,#..#$...!#.#.#
**,###########..#


You could see a skeletal warrior, a cyclops, a basilisk, a tengu conjurer, a
bullfrog, a battlesphere and a white imp.

Vanquished Creatures
  Erica (D:8)
  2 two-headed ogres (D:8)
  An unseen horror (shapeshifter) (D:6)
  A troll (D:9)
  2 hippogriffs
  Sigmund (D:4)
  2 basilisks (D:8)
  3 yaks (D:8)
  A wyvern (D:8)
  3 porcupines (D:8)
  2 orc warriors
  An ice beast (D:7)
  4 sky beasts
  An ogre (D:6)
  A phantom (D:4)
  3 crocodiles
  2 big kobolds
  6 bullfrogs
  A water moccasin zombie (D:8)
  2 water moccasin skeletons
  A scorpion (D:7)
  7 wights
  6 howler monkeys
  3 centaur zombies
  A bullfrog zombie (D:7)
  2 hounds
  4 orc priests
  7 orc wizards
  2 centaur skeletons
  Ijyb (D:5)
  2 iguanas
  2 bullfrog skeletons
  Natasha (thrice) (D:4)
  5 worker ants
  A hound skeleton (D:5)
  6 gnolls
  13 adders
  4 shadow imps
  6 white imps
  An ufetubus (D:6)
  An ooze (D:4)
  2 adder zombies
  4 worms
  4 leopard geckos
  40 orcs
  2 giant cockroaches (D:3)
  3 goblins
  5 hobgoblins
  8 jackals
  19 kobolds
  2 quokkas
  7 bats
  3 frilled lizards
  A leopard gecko skeleton (D:5)
  A leopard gecko zombie (D:5)
  4 rats
223 creatures vanquished.

Vanquished Creatures (collateral kills)
  A sky beast (D:7)
  A bullfrog zombie (D:5)
  2 orcs (D:8)
4 creatures vanquished.

Vanquished Creatures (others)
  A dancing weapon (D:8)
  A yak (D:8)
  4 bushes (D:8)
  4 fungi (D:8)
  27 plants
37 creatures vanquished.

Grand Total: 264 creatures vanquished

Notes
Turn   | Place    | Note
-------+----------+-------------------------------------------
     0 | D:1      | Irenicus the Minotaur Chaos Knight began the quest for the
                  | Orb.
     0 | D:1      | Reached XP level 1. HP: 19/19 MP: 0/0
    25 | D:1      | XOM: silly message
   120 | D:1      | XOM: noise
   134 | D:1      | Reached skill level 4 in Axes
   336 | D:1      | XOM: noise
   339 | D:1      | Reached XP level 2. HP: 26/26 MP: 1/1
   644 | D:2      | XOM: silly message
   657 | D:2      | Reached skill level 5 in Axes
   678 | D:2      | Reached XP level 3. HP: 23/31 MP: 2/2
   775 | D:2      | XOM: 1-stop teleportation journey
  1123 | D:2      | Found a blossoming altar of Fedhas.
  1169 | D:2      | XOM: noise
  1272 | D:3      | Reached skill level 6 in Axes
  1272 | D:3      | Reached XP level 4. HP: 37/39 MP: 3/3
  1432 | D:3      | XOM: silly message
  1448 | D:3      | XOM: enchant monster (good)
  1456 | D:3      | Reached skill level 7 in Axes
  1456 | D:3      | Reached XP level 5. HP: 28/45 MP: 4/4
  1602 | D:3      | XOM: divination: detect creatures
  1690 | D:3      | XOM: confuse monster(s)
  1956 | D:3      | Reached skill level 8 in Axes
  2091 | D:4      | XOM: stealth player
  2102 | D:4      | Noticed Natasha
  2108 | D:4      | Killed Natasha
  2118 | D:4      | Noticed a phantom
  2123 | D:4      | XOM: enchant monster (good)
  2132 | D:4      | Reached XP level 6. HP: 39/51 MP: 5/5
  2283 | D:4      | XOM: 2-stop teleportation journey
  2288 | D:4      | XOM: noise
  2294 | D:4      | Noticed Natasha
  2296 | D:4      | Reached skill level 9 in Axes
  2307 | D:4      | Killed Natasha
  2615 | D:4      | Noticed Natasha
  2621 | D:4      | Killed Natasha
  2621 | D:4      | Reached XP level 7. HP: 56/57 MP: 6/6
  2631 | D:4      | XOM: silly message
  2649 | D:4      | Noticed Sigmund
  2650 | D:4      | XOM: potion effect (stabbing)
  2660 | D:4      | XOM: divination: magic mapping
  2662 | D:4      | Killed Sigmund
  2662 | D:4      | Reached skill level 10 in Axes
  2775 | D:5      | Entered Level 5 of the Dungeon
  2966 | D:5      | Found a staircase to the Ecumenical Temple.
  3072 | D:5      | XOM: silly message
  3074 | D:5      | Noticed Ijyb
  3078 | D:5      | XOM: summons 3 friendly demons
  3080 | D:5      | Reached skill level 11 in Axes
  3085 | D:5      | Killed Ijyb
  3481 | D:6      | Reached XP level 8. HP: 51/64 MP: 7/7
  3650 | D:6      | XOM: cast spell 'Statue Form'
  3655 | D:6      | XOM: confuse monster(s)
  3662 | D:6      | Reached skill level 12 in Axes
  3669 | D:6      | Noticed a shapeshifter
  3669 | D:6      | an orc priest changed into a shapeshifter
  3669 | D:6      | Noticed an unseen horror
  3669 | D:6      | a shapeshifter changed into an unseen horror
  3696 | D:6      | Killed an unseen horror
  3696 | D:6      | Reached skill level 13 in Axes
  3778 | D:6      | XOM: smoke on damage
  3808 | D:6      | Found a radiant altar of Vehumet.
  4036 | D:7      | XOM: god gift: wand of acid (5)
  4036 | D:7      | Reached XP level 9. HP: 62/70 MP: 8/8
  4048 | D:7      | Reached skill level 14 in Axes
  4055 | D:7      | HP: 12/70 [orc/+0 mace (8)]
  4060 | D:7      | XOM: give mutations
  4060 | D:7      | Gained mutation: You evolve. [Xom's grace]
  4060 | D:7      | Gained mutation: You have sharp fingernails. [Xom's grace]
  4060 | D:7      | HP: 9/70 [orc/+0 mace (4)]
  4150 | D:7      | XOM: cast spell 'Summon Mana Viper'
  4236 | D:7      | XOM: scenery: 1 doors open, 1 doors close
  4400 | D:7      | XOM: fake destruction
  4460 | D:7      | Reached skill level 15 in Axes
  4532 | D:7      | Found a sparkling altar of Nemelex Xobeh.
  4627 | D:8      | Noticed a two-headed ogre
  4635 | D:8      | HP: 11/71 [two-headed ogre/+0 giant club (8)]
  4636 | D:8      | Killed a two-headed ogre
  4636 | D:8      | Reached skill level 5 in Fighting
  4636 | D:8      | Reached skill level 4 in Armour
  4636 | D:8      | Reached skill level 3 in Dodging
  4645 | D:8      | XOM: enchant monster (good)
  4672 | D:8      | HP: 17/74 [bullfrog (2)]
  4795 | D:8      | Noticed a two-headed ogre
  4833 | D:8      | Killed a two-headed ogre
  4833 | D:8      | Reached skill level 5 in Armour
  4833 | D:8      | Reached skill level 4 in Dodging
  4833 | D:8      | Reached XP level 10. HP: 51/83 MP: 9/9
  4894 | D:8      | Reached skill level 6 in Fighting
  4905 | D:8      | XOM: confuse monster(s)
  4927 | D:8      | Got an ichor-stained dagger
  4927 | D:8      | Identified the +7 dagger "Yrrun" {pain, Fragile rElec Int+6
                  | SInv} (You found it on level 8 of the Dungeon)
  5011 | D:8      | XOM: noise
  5096 | D:8      | XOM: divination: detect items
  5116 | D:8      | Noticed Erica
  5117 | D:8      | XOM: 2-stop teleportation journey
  5203 | D:8      | Reached skill level 6 in Armour
  5203 | D:8      | Reached skill level 5 in Dodging
  5253 | D:8      | XOM: enchant monster (good)
  5257 | D:8      | Found a staircase to the Lair.
  5263 | D:8      | XOM: divination: magic mapping
  5267 | D:8      | Reached skill level 7 in Fighting
  5270 | D:8      | HP: 20/86 [crocodile (13)]
  5349 | D:8      | Gained mutation: You rapidly evolve. [evolution]
  5503 | D:8      | XOM: cloud trail
  5513 | D:8      | XOM: cleaving
  5514 | D:8      | XOM: confuse monster(s)
  5540 | D:8      | XOM: confuse monster(s)
  5544 | D:8      | Killed Erica
  5544 | D:8      | Reached skill level 7 in Armour
  5544 | D:8      | Reached skill level 6 in Dodging
  5582 | D:8      | XOM: give mutations
  5582 | D:8      | Gained mutation: You have a pair of large horns on your
                  | head. [Xom's grace]
  5582 | D:8      | Gained mutation: You possess an exceptional clarity of
                  | mind. [Xom's grace]
  5672 | D:8      | Reached skill level 8 in Fighting
  5760 | D:9      | XOM: summons 6 hostile demons
  5782 | D:9      | XOM: give mutation
  5782 | D:9      | Gained mutation: Your body sometimes deteriorates upon
                  | taking damage. [Xom's mischief]
  5957 | D:9      | Noticed a cyclops
  5957 | D:9      | Noticed a skeletal warrior
  5957 | D:9      | Noticed an unseen horror
  5964 | D:9      | Found a runed translucent door.
  5970 | D:9      | XOM: swap monsters
  5985 | D:9      | Reached skill level 8 in Armour
  5985 | D:9      | Reached XP level 11. HP: 44/95 MP: 10/10
  5991 | D:9      | Identified the cursed +0 leather armour of Qiemua {MP+9}
  5994 | D:9      | XOM: divination: magic mapping
  6006 | D:9      | HP: 18/95 [basilisk (7)]
  6009 | D:9      | HP: 7/95 [basilisk (5)]
  6009 | D:9      | HP: 2/95 [tengu conjurer/+5 mace of protection (5)]
  6010 | D:9      | Slain by a tengu conjurer

Illustrated notes

Levels and vault maps discovered:
D:1:      nicolae_arrival_memento_mori, layout_loops_ring
D:2:      layout_loops_ring, fedhas_altar_4
D:3:      layout_loops_corners
D:4:      layout_loops_cross, grunt_decor_fettered, lexackson_kobold_supper,
          uniq_natasha, uniq_sigmund
D:5:      minmay_general_purpose_star, layout_basic, minmay_temple_entry_wispy,
          amethyst_killhole, chequers_garden, kennysheep_generic_room_7,
          uniq_ijyb
D:6:      layout_basic, old_standard_altar
D:7:      layout_gridville, nemelex_xobeh_ov_fountains_minmay
D:8:      minmay_octagon_keep, layout_basic, minmay_lair_entry_grove,
          hangedman_decor_peaks_small, uniq_erica
D:9:      minmay_the_grid_triangle_9x9_rhombus_thin_mashed
          [minmay_the_grid_triangle_9x9_longest,
          minmay_the_grid_triangle_9x9_prize_schism,
          minmay_the_grid_triangle_9x9_subtriangle,
          minmay_the_grid_triangle_9x9_from_above], layout_basic

Skill      XL: |  1  2  3  4  5  6  7  8  9 10 |
---------------+-------------------------------+-----
Axes           | 4 5 6 7 8 9 11 13 15 | 15.0
Fighting       | 5 8 |  8.4
Armour         | 5 8 |  8.0
Dodging        | 4 6 |  6.9

Action                   |  1- 3 |  4- 6 |  7- 9 | 10-12 || total
-------------------------+-------+-------+-------+-------++-------
Melee: Hand axe          |    85 |   120 |   274 |   223 ||   702
       Headbutt          |     6 |    23 |    48 |    49 ||   126
Evoke: Wand              |       |       |     6 |     6 ||    12
  Use: Scroll            |       |     1 |     2 |       ||     3
       Potion            |       |       |       |     2 ||     2
 Stab: Paralysed         |       |    10 |    16 |     2 ||    28
       Sleeping          |       |     1 |     2 |       ||     3
       Petrifying        |       |     2 |     1 |     4 ||     7
       Confused          |       |       |     1 |     4 ||     5
       Petrified         |       |       |       |     3 ||     3
Armor: Leather armour    |    25 |    26 |    24 |       ||    75
       Skin              |       |       |    23 |       ||    23
       Ring mail         |       |       |    21 |    90 ||   111
Dodge: Dodged            |    57 |    64 |   127 |   123 ||   371

Table legend: (Time is in decaauts)
 A = Elapsed time spent in this place.
 B = Non-inter-level travel time spent in this place.
 C = Inter-level travel time spent in this place.
 D = Time resting spent in this place.
 E = Time spent auto-exploring this place.
 F = Levels seen in this place.
 G = Mean time per level.
                   A        B        C        D        E       F      G
               +--------+--------+--------+--------+--------+-----+--------+
         Total |   5866 |   5571 |    295 |    266 |   3715 |   9 |  651.8 |
       Dungeon |   5866 |   5571 |    295 |    266 |   3715 |   9 |  651.8 |
               +--------+--------+--------+--------+--------+-----+--------+

Top non-repeatable levels by time:
     D:8: 1113 daAuts
     D:3: 825 daAuts
     D:4: 679 daAuts
     D:2: 676 daAuts
     D:6: 654 daAuts
     D:5: 632 daAuts
     D:1: 589 daAuts
     D:7: 467 daAuts
     D:9: 227 daAuts

Table legend:
 A = Kills in this place as a percentage of kills in entire the game.
 B = Kills by you in this place as a percentage of kills by you in the entire game.
 C = Kills by friends in this place as a percentage of kills by friends in the entire game.
 D = Other kills in this place as a percentage of other kills in the entire game.
 E = Experience gained in this place as a percentage of experience gained in the entire game.
 F = Experience gained in this place divided by the number of levels of this place that you have seen.
                   A       B       C       D       E      F
               +-------+-------+-------+-------+-------+----------------------
         Total | 100.0 | 100.0 | 100.0 | 100.0 | 100.0 | 1235.4
       Dungeon | 100.0 | 100.0 | 100.0 | 100.0 | 100.0 | 1235.4
               +-------+-------+-------+-------+-------+----------------------
